 Dungeon Crawl Stone Soup version 0.24.0-123-gd5b16e6ec5 (webtiles) character file.

Game seed: 6849741506061593649, levelgen mode: deterministic

10758 Norian the Thaumaturge (level 11, -18/57 HPs)
             Began as a Deep Elf Conjurer on Dec 24, 2019.
             Was a Priest of Vehumet.
             Demolished by a red ugly thing (20 damage)
             ... on level 9 of the Dungeon.
             The game lasted 00:27:06 (11639 turns).

Norian the Thaumaturge (Deep Elf Conjurer)         Turns: 11639, Time: 00:27:07

Health: -18/57     AC:  7    Str:  8    XL:     11   Next: 40%
Magic:  31/39      EV: 17    Int: 21    God:    Vehumet [***...]
Gold:   205        SH:  0    Dex: 15    Spells: 27/36 levels left

rFire    . . .     SeeInvis .   w - +3 flail (venom)
rCold    + . .     Gourm    .   (no shield)
rNeg     . . .     Faith    .   z - +1 robe of Watchfulness {rC+ Regen+}
rPois    .         Spirit   .   h - +0 helmet
rElec    .         Reflect  .   n - +0 cloak
rCorr    .         Harm     .   f - +1 pair of gloves
MR       ++...                  (no boots)
Stlth    ++........             i - amulet of regeneration
HPRegen  0.99/turn              p - ring of protection from magic
MPRegen  0.26/turn              B - ring of magical power

@: no status effects
A: no striking features
a: Renounce Religion


You were on level 9 of the Dungeon.
You worshipped Vehumet.
Vehumet was most pleased with you.
You were not hungry.

You visited 2 branches of the dungeon, and saw 12 of its levels.
You also visited: Sewer.

You collected 445 gold pieces.
You spent 240 gold pieces at shops.

Inventory:

Hand Weapons
 w - a +3 flail of venom (weapon)
Armour
 f - a +1 pair of gloves (worn)
 h - a +0 helmet (worn)
 n - a +0 cloak (worn)
 t - a +0 shield
 z - the +1 robe of Watchfulness (worn) {rC+ Regen+}
   (You found it on level 6 of the Dungeon)

   It protects you from cold.
   It increases your rate of regeneration.
 A - a +0 troll leather armour
Jewellery
 i - an amulet of regeneration (around neck)
 p - a ring of protection from magic (left hand)
 B - a ring of magical power (right hand)
Wands
 g - a wand of acid (3)
 s - a wand of flame (46)
 D - a wand of iceblast (11)
 E - a wand of paralysis (13)
 G - a wand of random effects (18)
 I - a wand of enslavement (12)
Scrolls
 a - a scroll of fog {unknown}
 b - 12 scrolls of remove curse
 d - 2 scrolls of immolation {unknown}
 j - 6 scrolls of teleportation
 k - 2 scrolls of magic mapping {unknown}
 l - 2 scrolls of fear {unknown}
 q - 3 scrolls of enchant weapon
 r - 10 scrolls of identify
 y - a scroll of blinking {unknown}
 J - a scroll of amnesia {unknown}
Potions
 e - 2 potions of resistance {unknown}
 m - 3 potions of heal wounds
 o - 2 potions of mutation {unknown}
 u - 3 potions of berserk rage {unknown}
 v - 2 potions of experience {unknown}
 x - 3 potions of brilliance {unknown}
 C - a potion of cancellation {unknown}
 F - a potion of ambrosia {unknown}
 H - a potion of flight {unknown}
Comestibles
 c - 13 rations


   Skills:
 + Level 1.8 Fighting
 - Level 4.0 Armour
 - Level 7.3 Dodging
 - Level 2.4 Stealth
 + Level 1.8 Shields
 + Level 13.3 Spellcasting
 + Level 12.0 Conjurations
 - Level 8.4 Hexes


You had 27 spell levels left.
You knew the following spells:

 Your Spells              Type           Power        Failure   Level  Hunger
a - Magic Dart            Conj           ####         1%          1    None
b - Iskenderun's Mystic   Conj           ######..     1%          4    None
c - Fulminant Prism       Conj/Hex       ######....   1%          4    None

Your spell library contained the following spells:

 Spells                   Type           Power        Failure   Level  Hunger
 Inner Flame              Hex/Fire       ####....     1%          3    None
 Searing Ray              Conj           ######       1%          2    None
 Dazzling Spray           Conj/Hex       ######       1%          3    None
 Force Lance              Conj/Tloc      #####...     1%          4    None


Dungeon Overview and Level Annotations

Branches:
Dungeon (11/15)            Temple (1/1) D:6            Lair (0/6) D:10
  Sewer (visited)
    Orc: D:9-12

Altars:
Ashenzari
Cheibriados
Dithmenos
Elyvilon
Fedhas
Gozag
Hepliaklqana
Makhleb
Okawaru
Qazlal
Ru
Trog
Uskayaw
Vehumet
Wu Jian
Xom
Yredelemnul
Zin
The Shining One

Shops:
D:6 =   D:7 *   D:8 :

Annotations:
D:9 3 runed translucent doors, Alannah's ghost, journeyman GrFi


Message History

Press: ? - help, Shift-Dir - straight line, f - red ugly thing
Aim: a red ugly thing The orb of energy hits the red ugly thing!
The red ugly thing is lightly wounded.
The red ugly thing tentacle-slaps you.
You are engulfed in flames!
Casting: Iskenderun's Mystic Blast (safe; 1% risk of failure)
Confirm with . or Enter, or press ? or * to list all spells.
Aiming: Iskenderun's Mystic Blast (safe; 1% risk of failure)
Press: ? - help, Shift-Dir - straight line, f/p - red ugly thing
Aim: a red ugly thing (lightly wounded)
The orb of energy hits the red ugly thing!
The red ugly thing is moderately wounded.
The orb of energy explodes!
The red ugly thing tentacle-slaps you!
You are engulfed in flames!!
* * * LOW HITPOINT WARNING * * *
Okay, then.
The red ugly thing tentacle-slaps you!
* * * LOW HITPOINT WARNING * * *
You are engulfed in flames!!
You die...

#........#
#####.##.### #.##...#
############...##.#
#...[..............
#....#########.....
#.##.# #...##.##
#u##.######...##.##
#>@.......'........
####......#...##.##
#......######.#
######......# ##.#
#.........#######..#
#.........#.#.#W#.##
#...).....#...WW#.###
#########.#8%..W+....
#.#.:...+...#


You could see a red ugly thing.

Vanquished Creatures
  A very ugly thing (D:10)
  2 two-headed ogres
  An unseen horror (D:10)
  Pikel (D:6)
  3 ugly things (D:10)
  A guardian serpent (D:9)
  A gargoyle (D:10)
  A troll (D:9)
  A hippogriff (D:8)
  A hornet (D:8)
  A wyvern (D:10)
  A soldier ant (D:8)
  Edmund (D:5)
  A water moccasin (D:9)
  An ice beast (D:9)
  2 orc warriors
  A sky beast (D:10)
  3 slaves (D:6)
  A black bear (D:9)
  2 ogres
  A phantom (D:9)
  6 centaurs
  An elf zombie (D:4)
  6 bullfrogs
  An elf skeleton (D:4)
  6 big kobolds
  A gnoll sergeant (D:3)
  3 scorpions
  A water moccasin skeleton (D:5)
  3 wights (D:10)
  4 crimson imps
  3 quasits
  A centaur zombie (D:6)
  2 human zombies (D:4)
  5 hounds
  2 jellies
  2 centaur skeletons
  4 orc priests
  Jessica (D:2)
  3 gnoll shamans (D:3)
  2 human skeletons (D:4)
  An iguana (D:6)
  Natasha (thrice) (D:4)
  6 orc wizards
  8 worker ants
  2 killer bee zombies (D:6)
  3 hound zombies
  A worker ant zombie (D:5)
  37 gnolls
  2 howler monkey skeletons
  16 adders
  A river rat (Sewer)
  3 shadow imps
  6 oozes
  3 adder skeletons
  6 worms
  2 dart slugs
  5 leopard geckos
  23 orcs
  8 bats
  7 giant cockroaches
  6 hobgoblins
  23 jackals
  8 quokkas
  A ball python (D:6)
  12 frilled lizards
  8 goblins
  20 kobolds
  A leopard gecko zombie (D:7)
  A quokka skeleton (D:5)
  A quokka zombie (D:5)
  13 rats
322 creatures vanquished.

Vanquished Creatures (others)
  37 fulminant prisms
37 creatures vanquished.

Grand Total: 359 creatures vanquished

Notes
Turn   | Place    | Note
-------+----------+-------------------------------------------
     0 | D:1      | Norian the Deep Elf Conjurer began the quest for the Orb.
     0 | D:1      | Reached XP level 1. HP: 10/10 MP: 6/6
   109 | D:1      | Reached XP level 2. HP: 15/15 MP: 1/8
   506 | D:1      | Reached skill level 4 in Spellcasting
   622 | D:2      | Reached skill level 5 in Conjurations
   622 | D:2      | Reached XP level 3. HP: 19/19 MP: 6/10
  1019 | D:2      | Found a white marble altar of Elyvilon.
  1262 | D:2      | Reached XP level 4. HP: 13/24 MP: 2/12
  1268 | D:2      | Learned a level 4 spell: Iskenderun's Mystic Blast
  1273 | D:2      | Learned a level 4 spell: Fulminant Prism
  1407 | D:2      | Found a bloodstained altar of Trog.
  1515 | D:2      | You fall into a shaft and drop 2 floors!
  1516 | D:4      | Noticed an ogre
  1525 | D:4      | Killed an ogre
  1525 | D:4      | Reached skill level 5 in Spellcasting
  1525 | D:4      | Reached XP level 5. HP: 28/28 MP: 1/15
  1566 | D:4      | Reached skill level 6 in Spellcasting
  1567 | D:4      | HP: 1/28 [poisoned by a worker ant]
  1596 | D:4      | HP: 1/28 [centaur skeleton (2)]
  1806 | D:3      | Found an opulent altar of Gozag.
  1943 | D:3      | Reached XP level 6. HP: 10/32 MP: 3/17
  2100 | D:3      | Found a glowing drain.
  2128 | Sewer    | Entered a sewer
  2307 | Sewer    | Reached skill level 7 in Spellcasting
  2525 | Sewer    | Reached skill level 1 in Hexes
  2525 | Sewer    | Reached XP level 7. HP: 36/36 MP: 10/19
  3221 | D:3      | Reached skill level 8 in Spellcasting
  3652 | D:3      | Reached XP level 8. HP: 41/41 MP: 11/22
  4293 | D:2      | Noticed Jessica
  4296 | D:2      | Killed Jessica
  4522 | D:4      | Reached skill level 9 in Spellcasting
  4522 | D:4      | Reached skill level 5 in Hexes
  4741 | D:4      | Found a shadowy altar of Dithmenos.
  4909 | D:4      | Noticed Natasha
  4912 | D:4      | Killed Natasha
  5017 | D:4      | Noticed Natasha
  5022 | D:4      | Killed Natasha
  5048 | D:4      | Noticed Natasha
  5051 | D:4      | Killed Natasha
  5749 | D:5      | Entered Level 5 of the Dungeon
  5857 | D:5      | Found a shattered altar of Ashenzari.
  5953 | D:5      | Noticed Edmund
  5958 | D:5      | Killed Edmund
  6073 | D:5      | Reached skill level 10 in Spellcasting
  6093 | D:5      | Found a hazy altar of Hepliaklqana.
  6105 | D:5      | Reached XP level 9. HP: 45/45 MP: 19/25
  6163 | D:5      | Found a glowing golden altar of the Shining One.
  6241 | D:5      | Found a stormy altar of Qazlal.
  6656 | D:5      | Found a blossoming altar of Fedhas.
  6701 | D:6      | Found a shimmering altar of Xom.
  6701 | D:6      | Found a shimmering altar of Xom.
  6701 | D:6      | Found a shimmering altar of Xom.
  6720 | D:6      | Found a shimmering altar of Xom.
  6863 | D:6      | Found a staircase to the Ecumenical Temple.
  6877 | Temple   | Entered the Ecumenical Temple
  6927 | Temple   | Became a worshipper of Vehumet
  6961 | D:6      | Got a creamy pearl robe
  7247 | D:6      | Found Toij's Jewellery Shop.
  7255 | D:6      | Bought an uncursed ring of magical power for 240 gold
                  | pieces
  7267 | D:6      | Identified the +1 robe of Watchfulness {rC+ Regen+} (You
                  | found it on level 6 of the Dungeon)
  7300 | D:6      | Noticed Pikel
  7347 | D:6      | Killed Pikel
  7347 | D:6      | Reached skill level 11 in Spellcasting
  7347 | D:6      | Reached skill level 10 in Conjurations
  7682 | D:7      | Reached * piety under Vehumet
  7682 | D:7      | Offered knowledge of Sandblast by Vehumet.
  7708 | D:7      | Found Zin's Purification Station.
  7711 | D:7      | Found a glowing silver altar of Zin.
  7847 | D:7      | Reached skill level 1 in Armour
  7873 | D:7      | Found an ornate altar of the Wu Jian Council.
  8463 | D:8      | Reached XP level 10. HP: 50/50 MP: 24/27
  8759 | D:8      | Found Nacaraokhli's Book Shop.
  8916 | D:8      | Found an iron altar of Okawaru.
  9067 | D:9      | Reached ** piety under Vehumet
  9067 | D:9      | Offered knowledge of Flame Tongue by Vehumet.
  9349 | D:9      | Noticed a guardian serpent
  9358 | D:9      | Killed a guardian serpent
  9358 | D:9      | Reached skill level 5 in Dodging
  9476 | D:9      | Found a sacrificial altar of Ru.
  9548 | D:9      | Reached skill level 12 in Spellcasting
  9615 | D:9      | Noticed a two-headed ogre
  9736 | D:9      | Found a runed translucent gate.
  9737 | D:9      | Found a runed translucent gate.
  9738 | D:9      | Found a runed translucent gate.
  9739 | D:9      | Noticed Alannah's ghost (journeyman GrFi)
  9778 | D:9      | Killed a two-headed ogre
 10097 | D:10     | Entered Level 10 of the Dungeon
 10228 | D:10     | Found a staircase to the Lair.
 10263 | D:10     | Noticed a gargoyle
 10266 | D:10     | Killed a gargoyle
 10276 | D:10     | Killed an unseen horror
 10448 | D:10     | Noticed a two-headed ogre
 10588 | D:10     | Offered knowledge of Inner Flame by Vehumet.
 10664 | D:10     | Found a stormy altar of Qazlal.
 10792 | D:10     | Reached XP level 11. HP: 54/54 MP: 4/29
 11032 | D:10     | Killed a two-headed ogre
 11032 | D:10     | Reached *** piety under Vehumet
 11032 | D:10     | Noticed a brown ugly thing
 11036 | D:10     | Noticed a purple ugly thing
 11042 | D:10     | Killed a brown ugly thing
 11045 | D:10     | Noticed a red ugly thing
 11184 | D:10     | Noticed a red ugly thing
 11186 | D:10     | Noticed a purple ugly thing
 11223 | D:10     | Noticed a purple very ugly thing
 11244 | D:10     | Killed a red ugly thing
 11244 | D:10     | Reached skill level 13 in Spellcasting
 11248 | D:10     | Killed a purple very ugly thing
 11248 | D:10     | Reached skill level 1 in Fighting
 11248 | D:10     | Reached skill level 1 in Shields
 11254 | D:10     | Killed a purple ugly thing
 11294 | D:10     | Noticed a red ugly thing
 11577 | D:11     | Noticed a cyan ugly thing
 11639 | D:9      | HP: 2/57 [red ugly thing (12)]
 11639 | D:9      | Demolished by a red ugly thing

Levels and vault maps discovered:
D:1:      mrwooster_arrival_statue, layout_rooms
D:2:      layout_loops_ring, elyvilon_altar_3, trog_butcher_becter, uniq_jessica
D:3:      lemuel_castle_with_subvaults [lemuel_castle_interior_carwin_3],
          layout_loops_ring, grunt_gozag_statues, gup_sewer_entry_glass
D:4:      layout_cave_pools, lemuel_crystal_altar,
          nicolae_ossuary_entry_catacombs, serial_column_ruins,
          column_ruins_square_medium, column_ruins_hut, column_ruins_open_tiny,
          column_ruins_open_small, column_ruins_columns_straight,
          column_ruins_open_medium, column_ruins_open_tiny,
          column_ruins_corridor_T, first_ration, uniq_natasha
D:5:      layout_gridville, tso_altar, kennysheep_mini_moat,
          nicolae_overflow_crystal_walls, ashenzari_altar_1, kennysheep_mini,
          uniq_edmund
D:6:      minmay_inner_zag, layout_basic, xom_redecorated,
          minmay_temple_entry_junction, serial_shops, shop,
          corexii_item_surrounded_by_moat, minmay_misc_feat_square, uniq_pikel
D:7:      layout_basic, zin_purify, basic_altar
D:8:      layout_basic, okawaru_gym_becter, nemelex_xobeh_ov_fountains_minmay,
          serial_shops, shop, hangedman_pestilent_swarm
D:9:      layout_basic, nicolae_overflow_hidden_temple,
          gammafunk_ghost_spectres, nrook_guardian_serpent_double
D:10:     cheibrodos_breeding_chamber, layout_loops_cross,
          nicolae_qazlal_general_emergency
D:11:     layout_small_grid, david_orc_2, hangedman_decor_push,
          minmay_quadrilaterals, uniq_snorg, uniq_josephine
Temple:   compressed_dpeg_triangle_lava_temple

Skill      XL: |  1  2  3  4  5  6  7  8  9 10 11 |
---------------+----------------------------------+-----
Spellcasting   | 4 5 6 7 8 10 11 12 13 | 13.3
Conjurations   | 5 6 7 8 9 10 11 12 | 12.0
Hexes          | 1 4 6 8 |  8.4
Dodging        | 4 6 7 |  7.3
Armour         | 1 4 |  4.0
Fighting       | 1 |  1.8
Shields        | 1 |  1.8
Stealth        | |  2.4

Action                   |  1- 3 |  4- 6 |  7- 9 | 10-12 || total
-------------------------+-------+-------+-------+-------++-------
Melee: Unarmed           |    14 |     4 |       |       ||    18
       Morningstar       |       |     4 |       |       ||     4
       Short sword       |       |       |    18 |       ||    18
       Halberd           |       |       |    26 |       ||    26
       Flail             |       |       |     7 |    21 ||    28
 Cast: Magic Dart        |    92 |   125 |   403 |    94 ||   714
       Iskenderun's Myst |       |     4 |    63 |    89 ||   156
       Fulminant Prism   |       |       |    15 |    22 ||    37
Evoke: Wand              |       |       |       |     2 ||     2
  Use: Scroll            |       |     7 |     2 |     1 ||    10
       Potion            |       |     1 |       |     1 ||     2
  Eat: Chunk             |     1 |     4 |    16 |     7 ||    28
       Ration            |       |       |     2 |     1 ||     3
Armor: Robe              |     7 |    17 |    55 |    23 ||   102
Dodge: Dodged            |    25 |    26 |   133 |    47 ||   231
